 Dungeon Crawl Stone Soup version 0.27.0-1-g7a089689b8 (webtiles) character file.

Game seed: 17545889824527011895

2 Spectrina the Magician (level 1, -3/15 HPs)
             Began as a Djinni Necromancer on Aug 17, 2021.
             Killed from afar by a dart slug (4 damage)
             ... with a slug dart
             ... on level 2 of the Dungeon.
             The game lasted 00:00:36 (84 turns).

Spectrina the Magician (Djinni Necromancer)           Turns: 84, Time: 00:00:37

Health: -3/15      AC:  2    Str:  7    XL:     1   Next: 44%
Gold:   0          EV: 12    Int: 16    God:
                   SH:  0    Dex: 13

rFire    + + .     SeeInvis .   (no weapon)
rCold    x . .     Faith    .   (no shield)
rNeg     . . .     Spirit   .   a - +0 robe
rPois    ∞         Reflect  .   (no helmet)
rElec    .         Harm     .   (no cloak)
rCorr    .         Rampage  .   (no gloves)
Will     .....                  (boots unavailable)
Stlth    ++........             (no amulet)
HPRegen  0.05/turn              (no ring)
MPRegen  0.00/turn              (no ring)

@: flying
A: sickness immunity, fire resistance 2, cold vulnerability 1, float, innate
caster, hp casting, extra vitality 1
a: no special abilities


You were on level 2 of the Dungeon.
You visited 1 branch of the dungeon, and saw 3 of its levels.

Inventory:

Armour
 a - a +0 robe (worn)
Scrolls
 b - a scroll of amnesia {unknown}


   Skills:
 - Level 2.1 Dodging
 - Level 1.5 Stealth
 + Level 3.3 Spellcasting


You couldn't memorise any spells.
You knew the following spells:

 Your Spells              Type           Power      Damage    Failure   Level
a - Pain                  Necr           52%        1d6       4%          1
b - Animate Skeleton      Necr           26%        N/A       4%          1
c - Vampiric Draining     Necr           6%         2d6       14%         3
d - Animate Dead          Necr           6%         N/A       41%         4
e - Agony                 Necr           13%        N/A       77%         5
Your spell library was empty.

Dungeon Overview and Level Annotations

Branches:
Dungeon (3/15)

Altars:


Innate Abilities, Weirdness & Mutations

You are immune to sickness and miasma.
You are immune to poison.
Your flesh is very heat resistant. (rF++)
You are vulnerable to cold. (rC-)
You float through the air rather than walking.
You learn spells naturally, not from books.
Your magical power is your life essence.
You have superior vitality. (+4 HP)


Message History

Aim: a ball python (moderately wounded, chance to affect: 83%)
The ball python writhes in agony.
You kill the ball python!
* * * LOW HITPOINT WARNING * * *
Unknown command.
You reach down and open the door.
An adder comes into view.
Your magical contamination has completely faded away.
You reach down and close the door.
Found a spear.
There is a stone staircase leading down here.
You fly downwards.
There is a stone staircase leading up here.
Unknown command.
You fly upwards.
There is a stone staircase leading down here.
A dart slug comes into view.
Found a stone staircase leading up.
Casting: Pain (safe; 4% risk of failure)
Confirm with . or Enter, or press ? or * to list all spells.
Aiming: Pain (safe; 4% risk of failure)
Press: ? - help, Shift-Dir - straight line, f - dart slug
Aim: a dart slug (chance to affect: 83%)
The dart slug writhes in agony.
* * * LOW HITPOINT WARNING * * *
Unknown command.
Casting: Pain (safe; 4% risk of failure)
Confirm with . or Enter, or press ? or * to list all spells.
Aiming: Pain (safe; 4% risk of failure)
Press: ? - help, Shift-Dir - straight line, f/p - dart slug
Aim: a dart slug (moderately wounded, chance to affect: 83%)
The dart slug writhes in agony.
* * * LOW HITPOINT WARNING * * *
Unknown command.
Casting: Pain (safe; 4% risk of failure)
Confirm with . or Enter, or press ? or * to list all spells.
Okay, then.
The dart slug launches a dart at you. The slug dart hits you.
You die...

#..###.....#.#
#..######..#.#
#..#... ...# #
#..#.###..##.#
####............#
.................#
###..............#
#.#.#......w..<#
#.#.#.#@##......
#.#.#.#.# .....
#.#.#.# .... #.#.#
... #...# .. ... .
... ..##


You could see a dart slug.

Vanquished Creatures
  A goblin (D:2)
  2 ball pythons (D:2)
3 creatures vanquished.

Notes
Turn   | Place    | Note
-------+----------+-------------------------------------------
     0 | D:1      | Spectrina the Djinni Necromancer began the quest for the
                  | Orb.
     0 | D:1      | Reached XP level 1. HP: 15/15 MP: 0/0
    84 | D:2      | Killed from afar by a dart slug

Illustrated notes

Levels and vault maps discovered:
D:1:      amcnicky_arrival_flooded_fountain, layout_basic,
          chequers_serial_rivers_micro_c, minivault_26, minmay_indecisive_spiral
D:2:      minmay_chambers_of_twos, layout_basic,
          hellmonk_ecumenical_altar_prayer_group, minmay_misc_feat_tiny
D:3:      layout_basic, minivault_23, uniq_ijyb

Action                   || total
-------------------------++-------
 Cast: Pain              ||     8
Dodge: Dodged            ||     1
